 Dungeon Crawl Stone Soup version 0.20.1-1-g8b1a95d (webtiles) character file.

287 Linguinho the Chopper (level 6, -1/47 HPs)
             Began as a Demonspawn Fighter on Nov 9, 2017.
             Slain by a scorpion (4 damage)
             ... on level 3 of the Dungeon.
             The game lasted 00:04:13 (1801 turns).

Linguinho the Chopper (Demonspawn Fighter)          Turns: 1801, Time: 00:04:14

Health: -1/47      AC: 11    Str: 15 (18) XL:     6   Next: 8%
Magic:  6/6        EV:  7    Int:  9 (10) God:
Gold:   259        SH:  8    Dex: 11 (12) Spells: 5/5 levels left

rFire    . . .     SeeInvis .   a - +0 war axe
rCold    + . .     Gourm    .   c - +0 shield
rNeg     . . .     Faith    .   b - +0 scale mail
rPois    .         Spirit   .   i - +2 hat
rElec    .         Reflect  .   (no cloak)
rCorr    .         Harm     .   (no gloves)
MR       .....                  (no boots)
Stlth    ..........             (no amulet)
Regen    0.2/turn               (no ring)
MPRegen  0.1/turn               (no ring)

@: lethally poisoned (-1 -> -10)
A: thin metallic scales 2, cold resistance 1
a: no special abilities


You were on level 3 of the Dungeon.
You were hungry.

You visited 1 branch of the dungeon, and saw 4 of its levels.

You collected 259 gold pieces.

Inventory:

Hand Weapons
 a - a +0 war axe (weapon)
Armour
 b - a +0 scale mail (worn)
 c - a +0 shield (worn)
 d - a +0 helmet
 i - a +2 hat (worn)
Wands
 q - a wand of random effects (26/48)
Scrolls
 e - 4 scrolls of identify {unknown}
 h - 3 scrolls of blinking {unknown}
 k - 2 scrolls of remove curse {unknown}
 n - 2 scrolls of magic mapping {unknown}
 r - a scroll of noise {unknown}
Potions
 m - a potion of curing {unknown}
 o - a potion of haste {unknown}
 p - a potion of heal wounds {unknown}
Comestibles
 f - 2 bread rations
 l - 2 royal jellies


   Skills:
 + Level 3.6 Fighting
 + Level 4.1 Axes
 + Level 3.2 Armour
 + Level 1.5 Dodging
 + Level 0.2 Stealth
 + Level 3.6 Shields


You had 5 spell levels left.
You didn't know any spells.

Dungeon Overview and Level Annotations

Branches:
Dungeon (4/15)
 Temple: D:4-7

Altars:
Nemelex Xobeh
Sif Muna
Xom

Annotations:
D:4 Menkaure


Innate Abilities, Weirdness & Mutations

You are mostly covered in thin metallic scales. (AC +3)
Your flesh is cold resistant. (rC+)


Message History

* * * LOW HITPOINT WARNING * * *
You feel sick.
Menkaure calls on the powers of darkness!
Your body is wracked with pain!
* * * LOW HITPOINT WARNING * * *
The scorpion convulses!
There is a stone staircase leading up here.
* * * LOW HITPOINT WARNING * * *
You feel sick. The scorpion closely misses you.
Menkaure's ankle releases a plume of dust as he confides, "I'm not really a mummy, you know."
You climb upwards.
* * * LOW HITPOINT WARNING * * *
You feel sick.
There is a stone staircase leading down here.
It was a potion of degeneration.
There was something very wrong with that liquid.
You feel weakened.
You feel dopey.
You feel clumsy.
* * * LOW HITPOINT WARNING * * *
You feel sick. The scorpion stings you.
You die...

###..>.....##.....##
##..........#8.....8#
...#........##.....##
####.#......##8...8#
#.##.....##.....##
#.########8.....8#
#.. ##.....## ##.
#8..s8# . ###@###
##### #.g## #.## ..#
####


You could see a scorpion and a hobgoblin.

Vanquished Creatures
  The ghost of Linguinho the Skirmisher, an amateur DsFi (D:3)
  Natasha (D:3)
  Terence (D:3)
  A worker ant (D:4)
  Robin (D:3)
  3 adders
  2 oozes (D:1)
  2 adder skeletons (D:2)
  3 worms (D:2)
  A bat zombie (D:2)
  5 giant cockroaches
  13 goblins
  14 hobgoblins
  4 jackals (D:1)
  8 kobolds
  A quokka (D:2)
  6 bats
  5 frilled lizards
  A leopard gecko skeleton (D:2)
  A quokka skeleton (D:2)
  5 rats
  3 fungi (D:3)
82 creatures vanquished.

Notes
Turn   | Place    | Note
-------+----------+-------------------------------------------
     0 | D:1      | Linguinho the Demonspawn Fighter began the quest for the Orb.
     0 | D:1      | Reached XP level 1. HP: 18/18 MP: 1/1
   111 | D:1      | Gained mutation: You are partially covered in thin metallic scales. (AC +2) [demonic ancestry]
   111 | D:1      | Reached XP level 2. HP: 20/24 MP: 2/2
   136 | D:1      | Reached skill level 2 in Axes
   221 | D:1      | Gained mutation: You are mostly covered in thin metallic scales. (AC +3) [demonic ancestry]
   221 | D:1      | Reached XP level 3. HP: 22/29 MP: 3/3
   626 | D:2      | Found a sparkling altar of Nemelex Xobeh.
   977 | D:2      | Found a deep blue altar of Sif Muna.
  1001 | D:2      | Reached XP level 4. HP: 32/35 MP: 4/4
  1245 | D:2      | Reached skill level 3 in Axes
  1344 | D:3      | Noticed Linguinho's ghost (amateur DsFi)
  1361 | D:3      | Killed Linguinho's ghost
  1361 | D:3      | Gained mutation: Your flesh is cold resistant. (rC+) [demonic ancestry]
  1361 | D:3      | Reached XP level 5. HP: 32/41 MP: 5/5
  1408 | D:3      | Reached skill level 1 in Dodging
  1411 | D:3      | Noticed Terence
  1423 | D:3      | Killed Terence
  1469 | D:3      | Noticed Robin
  1501 | D:3      | Killed Robin
  1562 | D:3      | Noticed Natasha
  1563 | D:3      | Reached skill level 4 in Axes
  1577 | D:3      | Killed Natasha
  1577 | D:3      | Reached XP level 6. HP: 18/47 MP: 6/6
  1755 | D:3      | Found a shimmering altar of Xom.
  1777 | D:4      | Noticed Menkaure
  1801 | D:3      | Slain by a scorpion

Skill      XL: |  1  2  3  4  5 |
---------------+----------------+-----
Shields        | 3 |  3.6
Axes           | 2 3 4 |  4.1
Armour         | 3 |  3.2
Dodging        | 1 |  1.5
Fighting       | |  3.6
Stealth        | |  0.2

Action                   |  1- 3 |  4- 6 || total
-------------------------+-------+-------++-------
Melee: War axe           |   128 |   142 ||   270
  Use: Potion            |       |     3 ||     3
  Eat: Chunk             |       |     3 ||     3
Armor: Scale mail        |    72 |    92 ||   164
Dodge: Dodged            |    53 |    69 ||   122
Block: Shield            |    75 |    70 ||   145
